 Dungeon Crawl Stone Soup version 0.28-a0-503-g83f2989fac (webtiles) character file.

Game seed: 12092823613677112066

2108 spiderkeys the Distorting Octopus (level 9, 0/63 HPs)
             Began as an Octopode Abyssal Knight on Sept 20, 2021.
             Was a Believer of Lugonu.
             Slain by a gnoll (4 damage)
             ... on level 4 of the Dungeon.
             The game lasted 00:05:45 (3811 turns).

spiderkeys the Distorting Octopus (OpAK)            Turns: 3811, Time: 00:05:46

Health: 0/63       AC:  1    Str: 13 (15) XL:     9   Next: 28%
Magic:  14/14      EV:  9    Int: 13      God:    Lugonu [**....]
Gold:   141        SH: 11    Dex:  9 (12) Spells: 8/8 levels left

rFire   . . .      SeeInvis .     - Unarmed
rCold   . . .      Faith    .   b - +1 tower shield
rNeg    . . .      Spirit   .   (helmet restricted)
rPois   .          Reflect  .   (no amulet)
rElec   .          Harm     .   (no ring)
rCorr   .          Rampage  .   (no ring)
Will    .....                   (no ring)
Stlth   ++........              (no ring)
HPRegen 0.20/turn               (no ring)
MPRegen 0.14/turn               (no ring)
                                (no ring)
                                (no ring)

@: attractive
A: almost no armour, amphibious, 8 rings, camouflage 1, gelatinous body 1,
(nimble swimmer 1), tentacles, mutation resistance 1
a: Renounce Religion, Depart the Abyss, Bend Space


You were on level 4 of the Dungeon.
You worshipped Lugonu.
Lugonu was pleased with you.
You visited 1 branch of the dungeon, and saw 4 of its levels.
You visited the Abyss 1 time.

You collected 141 gold pieces.


Innate Abilities, Weirdness & Mutations

You cannot wear most types of armour.
You are amphibious.
You can wear up to eight rings at the same time.
Your skin changes colour to match your surroundings (Stealth+).
Your rubbery body absorbs attacks. (AC +1, EV +1)
((You are camouflaged near water. (Stealth+)))
You have tentacles for arms and can constrict up to eight enemies at once.
You are somewhat resistant to further mutation.


   Skills:
 + Level 6.6 Fighting
 + Level 6.3 Dodging
 * Level 1.1 Shields
 + Level 6.2 Unarmed Combat
 + Level 6.7 Invocations


You had 8 spell levels left.
You didn't know any spells.
Your spell library contained the following spells:

 Spells                   Type           Power      Damage    Failure   Level
 Chain Lightning          Conj/Air       0%         N/A       100%        9
 Fire Storm               Conj/Fire      0%         5d1       100%        9
 Shatter                  Erth           0%         3d5*      100%        9

Inventory:

Hand Weapons
 a - a +3 long sword of holy wrath
   (You took it off a daeva on level 2 of the Abyss)
Missiles
 c - 176 stones
 h - 41 bolts
 n - 15 arrows
 o - 21 sling bullets
Armour
 b - a +1 tower shield (worn)
   (You took it off a daeva on level 2 of the Abyss)
Wands
 k - a wand of flame (19)
   (You found it on level 4 of the Dungeon)
Scrolls
 e - 2 scrolls of fog
 f - a scroll of vulnerability {!r!r}
 m - a scroll of summoning
Potions
 i - a potion of flight {unknown}
 j - a potion of magic {unknown}
 l - a potion of brilliance {unknown}
 p - a potion of mutation {!q}

Dungeon Overview and Level Annotations

Branches:
Dungeon (4/15)
 Temple: D:4-7

Altars:
Dithmenos
Trog

#..#...#...#####.
#....#####....... .#
#.##...#...### ##.
.......#.### #..
#........##########.###
#......###............
.......##...#######.##
#..............###...####.#
#.....###...##..@Kg.).....#
###.#.# ##.#######g..######
#.#.# #.# ##.## #.... ..#
#.# ###....... #.# #######.
..# ###


You could see 2 gnolls and a kobold.


Message History

A goblin is nearby!
A goblin is nearby!
The goblin shouts!
You hear a shout!
The goblin unwields a +0 dagger.
The goblin wields a +0 hunting sling.
The goblin shoots a stone.
The stone hits you. 😕 HP[-6]
You take 6 damage, and now have 57/63 hp.
The goblin shoots a stone.
You block the stone. 😕 HP[+1] 2 gnolls come into view.
The gnoll shouts!
You hear a shout! x3
The goblin shoots a stone.
You block the stone.
A gnoll comes into view. It is wielding a +0 spear.
The gnoll shouts!
The goblin unwields a +0 hunting sling.
The goblin wields a +0 dagger.
You block the goblin's attack.
You tentacle-slap the goblin. You grab the goblin. You constrict the goblin.
You kill the goblin!
Lugonu accepts your kill.
A kobold comes into view. It is wielding a +0 short sword.
You completely miss the gnoll. You grab the gnoll. You squeeze the gnoll.
You constrict the gnoll.
The gnoll struggles to escape constriction.
You block the gnoll's attack. 😕 HP[+1]
There are monsters nearby!
You tentacle-slap the gnoll but do no damage.
You squeeze the gnoll, but do no damage.
You constrict the gnoll, but do no damage.
The gnoll barely misses you.
The gnoll hits you from afar with a +0 spear! 😕 HP[-10]
You take 10 damage, and now have 49/63 hp.
You tentacle-slap the gnoll. You constrict the gnoll.
The gnoll hits you with a +0 flail. You block the gnoll's attack. 😮 HP[-3]
You take 3 damage, and now have 46/63 hp.
You are too injured to fight recklessly!
You are too injured to fight recklessly!
You are too injured to fight recklessly!
You release your grip on the gnoll.
The gnoll barely misses you. You block the gnoll's attack.
The gnoll hits you from afar with a +0 spear! 😮 HP[-8]
You take 8 damage, and now have 38/63 hp. 😮 HP[+1]
You tentacle-slap the gnoll.
You kill the gnoll!
Lugonu accepts your kill. You block the gnoll's attack. x2
You feel your intelligence returning. You block the gnoll's attack.
You see here a +0 flail.
You tentacle-slap the gnoll. You grab the gnoll. You squeeze the gnoll.
You constrict the gnoll. The gnoll hits you with a +0 whip.
The gnoll hits you with a +0 spear.
* * * LOW HITPOINT WARNING * * *
😨 HP[-8]
You take 8 damage, and now have 31/63 hp.
You tentacle-slap the gnoll. Your squeeze misses the gnoll.
You constrict the gnoll. The gnoll hits you with a +0 whip!
* * * LOW HITPOINT WARNING * * *
The gnoll hits you with a +0 spear.
* * * LOW HITPOINT WARNING * * *
A gnoll comes into view. It is wielding a +0 flail.
The gnoll barely misses you.
You block the kobold's attack. 😨 HP[-11]
You take 11 damage, and now have 20/63 hp.
You release your grip on the gnoll.
The gnoll hits you from afar with a +0 spear.
* * * LOW HITPOINT WARNING * * *
😨 HP[-4]
You take 4 damage, and now have 16/63 hp.
You closely miss the gnoll. You grab the gnoll. You constrict the gnoll.
The gnoll hits you from afar with a +0 spear!
* * * LOW HITPOINT WARNING * * *
The gnoll barely misses you. The gnoll closely misses you. 😱 HP[-9]
You take 9 damage, and now have 7/63 hp.
You bludgeon the gnoll!
You kill the gnoll!
Lugonu accepts your kill. The gnoll barely misses you.
You feel better. The kobold barely misses you.
The gnoll hits you from afar with a +0 spear!
* * * LOW HITPOINT WARNING * * *
😱 HP[-2]
You take 2 damage, and now have 5/63 hp.
It was a potion of mutation.
You feel extremely strange.
You feel genetically stable.
The kobold hits you with a +0 short sword.
* * * LOW HITPOINT WARNING * * *
You block the gnoll's attack. 😱 HP[-1]
You take 1 damage, and now have 4/63 hp.
It was a potion of attraction.
You feel attractive to monsters. The kobold closely misses you.
The gnoll hits you from afar with a +0 spear.
You die...

Skill      XL: |  1  2  3  4  5  6  7  8  9 |
---------------+----------------------------+-----
Fighting       | 4 6 |  6.6
Dodging        | 4 6 |  6.3
Unarmed Combat | 4 6 |  6.2
Invocations    | 4 6 |  6.7
Shields        | 1 |  1.1

Action                   |  1- 3 |  4- 6 |  7- 9 || total
-------------------------+-------+-------+-------++-------
Melee: Unarmed           |       |       |    88 ||    88
       Long sword        |       |       |    42 ||    42
       Constrict         |       |       |    38 ||    38
       Tentacles         |       |       |    20 ||    20
       Punch             |       |       |     2 ||     2
Invok: Depart the Abyss  |       |       |     1 ||     1
  Use: Scroll            |     2 |       |     5 ||     7
       Potion            |       |       |     7 ||     7
 Stab: Sleeping          |       |       |    16 ||    16
Armor: Skin              |       |       |     8 ||     8
Dodge: Dodged            |     1 |       |    72 ||    73
Block: Tower shield      |       |       |    83 ||    83

Levels and vault maps discovered:
D:1:      nagdon_arrival_double_spiral, layout_basic,
          shapermc_ecumenical_altar_starsandcircs
D:2:      layout_rooms, grunt_decor_one_mirror, nrook_mini_vaults, uniq_robin
D:3:      layout_basic, lightli_temple_of_fire, chequers_garden
D:4:      layout_loops_ring, nicolae_ru_path_of_blood,
          nicolae_dithmenos_shadow_blocks, temple_doors_cd

Notes
Turn   | Place    | Note
-------+----------+-------------------------------------------
     0 | Abyss:1  | spiderkeys the Octopode Abyssal Knight began the quest for
                  | the Orb.
     0 | Abyss:1  | Reached XP level 1. HP: 16/16 MP: 2/2
     0 | Abyss:1  | magus.rc [v1.9.10]
    57 | Abyss:1  | Found a corrupted altar of Lugonu.
    66 | Abyss:2  | Found a corrupted altar of Lugonu.
    90 | Abyss:2  | Noticed a quasit
    95 | Abyss:2  | Noticed a large abomination
    99 | Abyss:2  | Killed a quasit
   100 | Abyss:2  | Reached XP level 2. HP: 21/21 MP: 3/3
   100 | Abyss:2  | Reached XP level 3. HP: 26/26 MP: 4/4
   106 | Abyss:2  | Killed a large abomination
   107 | Abyss:2  | Reached skill level 4 in Fighting
   107 | Abyss:2  | Reached skill level 4 in Dodging
   107 | Abyss:2  | Reached skill level 4 in Unarmed Combat
   107 | Abyss:2  | Reached skill level 4 in Invocations
   107 | Abyss:2  | Reached XP level 4. HP: 29/34 MP: 4/7
   107 | Abyss:2  | Reached XP level 5. HP: 33/38 MP: 4/8
   107 | Abyss:2  | Reached XP level 6. HP: 38/44 MP: 4/9
   107 | Abyss:2  | Reached XP level 7. HP: 43/49 MP: 4/10
   109 | Abyss:2  | Noticed a daeva
   120 | Abyss:2  | Killed a daeva
   121 | Abyss:2  | Reached skill level 6 in Fighting
   121 | Abyss:2  | Reached skill level 6 in Dodging
   121 | Abyss:2  | Reached skill level 6 in Unarmed Combat
   121 | Abyss:2  | Reached skill level 6 in Invocations
   121 | Abyss:2  | Reached XP level 8. HP: 35/58 MP: 5/12
   121 | Abyss:2  | Reached XP level 9. HP: 39/63 MP: 5/13
   153 | D:1      | You pass through the gate.
   153 | D:1      | Escaped the Abyss
   689 | D:1      | Found a faded altar of an unknown god.
   877 | D:1      | You fall into a shaft and drop 1 floor!
   896 | D:2      | Reached * piety under Lugonu
  1248 | D:2      | Noticed Robin
  1266 | D:2      | HP: 13/63 [goblin[Robin] (3)]
  1267 | D:2      | HP: 6/63 [goblin[Robin] (4)]
  1271 | D:2      | HP: 2/63 [hobgoblin[Robin] (5)]
  1280 | D:2      | HP: 2/63 [goblin/stone[Robin] (2)]
  1285 | D:2      | HP: 1/63 [goblin/stone[Robin] (2)]
  1608 | D:2      | Killed Robin
  3081 | D:3      | Found a bloodstained altar of Trog.
  3179 | D:3      | Reached ** piety under Lugonu
  3183 | D:3      | You pick up a book of Annihilations and begin reading...
  3183 | D:3      | You add the spells Chain Lightning, Fire Storm and Shatter
                  | to your library.
  3305 | D:4      | Reached skill level 1 in Shields
  3602 | D:4      | Found a shadowy altar of Dithmenos.
  3679 | D:4      | Identified the +0 robe "Tiniss" {+Inv rN+}
  3807 | D:4      | HP: 7/63 [gnoll (9)]
  3810 | D:4      | Gained mutation: You are somewhat resistant to further
                  | mutation. [potion of mutation]
  3811 | D:4      | Slain by a gnoll

Vanquished Creatures
  A scorpion (D:3)
  A quasit (Abyss:2)
  A centaur skeleton (D:4)
  Robin (D:2)
  3 gnolls
  4 adders
  2 worms (D:4)
  4 dart slugs
  5 orcs (D:2)
  5 ball pythons
  3 bats
  6 endoplasms
  3 giant cockroaches
  11 goblins
  8 hobgoblins
  2 quokkas (D:1)
  2 frilled lizards (D:1)
  5 kobolds
  5 rats
72 creatures vanquished.

Vanquished Creatures (collateral kills)
  A daeva (Abyss:2)
  A large abomination (Abyss:2)
  A quasit (Abyss:2)
3 creatures vanquished.

Grand Total: 75 creatures vanquished

Table legend:
 A = Non-vault XP
 B = Vault XP
 C = Vault XP percentage of total XP
 D = Non-vault monster count
 E = Vault monster count
 F = Vault count percentage of total count
                 A         B        C        D         E       F
            +---------+---------+-------+---------+---------+-------
      Total |    2974 |      38 |   1.3 |      62 |      13 |  17.3
            +---------+---------+-------+---------+---------+-------
        D:1 |      52 |       0 |   0.0 |      23 |       0 |   0.0
        D:2 |      27 |      38 |  58.5 |      11 |      13 |  54.2
        D:3 |     108 |       0 |   0.0 |      10 |       0 |   0.0
        D:4 |     135 |       0 |   0.0 |      14 |       0 |   0.0
    Abyss:2 |    2652 |       0 |   0.0 |       4 |       0 |   0.0
            +---------+---------+-------+---------+---------+-------

Illustrated notes

Table legend:
 A = Kills in this place as a percentage of kills in entire the game.
 B = Kills by you in this place as a percentage of kills by you in the entire game.
 C = Kills by friends in this place as a percentage of kills by friends in the entire game.
 D = Other kills in this place as a percentage of other kills in the entire game.
 E = Experience gained in this place as a percentage of experience gained in the entire game.
 F = Experience gained in this place divided by the number of levels of this place that you have seen.
                   A       B       C       D       E      F
               +-------+-------+-------+-------+-------+----------------------
         Total | 100.0 | 100.0 | 100.0 |   N/A | 100.0 | 502.0
       Dungeon |  94.7 |  98.6 |   0.0 |   N/A |  12.0 |  90.0
         Abyss |   5.3 |   1.4 | 100.0 |   N/A |  88.0 | 1326.0
               +-------+-------+-------+-------+-------+----------------------

Table legend: (Time is in decaauts)
 A = Elapsed time spent in this place.
 B = Non-inter-level travel time spent in this place.
 C = Inter-level travel time spent in this place.
 D = Time resting spent in this place.
 E = Time spent auto-exploring this place.
 F = Levels seen in this place.
 G = Mean time per level.
                   A        B        C        D        E       F      G
               +--------+--------+--------+--------+--------+-----+--------+
         Total |   3882 |   3642 |    240 |    308 |   2735 |   6 |  647.0 |
       Dungeon |   3729 |   3489 |    240 |    308 |   2687 |   4 |  932.2 |
         Abyss |    152 |    152 |      0 |      0 |     48 |   2 |   76.0 |
               +--------+--------+--------+--------+--------+-----+--------+

Top non-repeatable levels by time:
     D:1: 1335 daAuts
     D:2: 986 daAuts
     D:3: 862 daAuts
     D:4: 544 daAuts
 Abyss:2: 86 daAuts
 Abyss:1: 66 daAuts
